SAA
IRVING BLUE SOX @ MINNESOTA LOONS
08/10/2027
 
TOP OF THE 1ST
Irving Blue Sox batting - Pitching for Minnesota Loons : RHP Ricardo Landrón
Pitching: RHP Ricardo Landrón
Batting: RHB Eisse Cals 0-0: Ball
1-0: Ball
2-0: Ball
3-0: Called Strike
3-1: Base on Balls
Batting: LHB José Zarate 0-0: Ball
1-0: Ball
2-0: Ball
3-0: Called Strike
3-1: 2-RUN HOME RUN (Flyball, 9D), Distance : 388 ft
Batting: RHB António Canales 0-0: Ball
1-0: Foul Ball, location: 2F
1-1: Called Strike
1-2: Hit by Pitch
Batting: RHB Wessel Wemerman 0-0: Called Strike
0-1: Ball
1-1: Fielders Choice at 2nd, 1-6 (Groundball, P)
Batting: LHB Ricardo Ríos 0-0: Called Strike
0-1: Ball
Wessel Wemerman steals 2nd base
1-1: Ball
2-1: Called Strike
2-2: Ground out 4-3 (Groundball, 4)
Wessel Wemerman to third
Batting: LHB Jim Unknown 0-0: Called Strike
0-1: Ground out 4-3 (Groundball, 4)
Top of the 1st over - 2 run(s), 1 hit(s), 0 error(s), 1 left on base; Irving 2 - Minnesota 0
BOTTOM OF THE 1ST
Minnesota Loons batting - Pitching for Irving Blue Sox : RHP Gonzalo Montés
Pitching: RHP Gonzalo Montés
Batting: LHB Alfredo Arévalo 0-0: Called Strike
0-1: Foul Ball, location: 2F
0-2: Foul Ball, location: 2F
0-2: Ball
1-2: Ball
2-2: Ball
3-2: Foul Ball, location: 2F
3-2: Strikes out swinging
Batting: SHB Lowell Moon 0-0: Called Strike
0-1: Ball
1-1: Foul Ball, location: 2F
1-2: Ball
2-2: Ball
3-2: Ground out 4-3 (Groundball, 4M)
Batting: RHB Bass Reeves 0-0: Ball
1-0: Ball
2-0: Swinging Strike
2-1: Foul Ball, location: 2F
2-2: Fly out, F8 (Flyball, 8RXD)
Bottom of the 1st over - 0 run(s), 0 hit(s), 0 error(s), 0 left on base; Irving 2 - Minnesota 0
TOP OF THE 2ND
Irving Blue Sox batting - Pitching for Minnesota Loons : RHP Ricardo Landrón
Batting: RHB Theron Hammond 0-0: Called Strike
0-1: Ball
1-1: Called Strike
1-2: Strikes out swinging
Batting: RHB Phil Sherman 0-0: Ball
1-0: Ball
2-0: Foul Ball, location: 2F
2-1: Fly out, F6 (Line Drive, 6M)
Batting: RHB Carlos Ramírez 0-0: Called Strike
0-1: Ball
1-1: Fly out, F8 (Flyball, 8LM)
Top of the 2nd over - 0 run(s), 0 hit(s), 0 error(s), 0 left on base; Irving 2 - Minnesota 0
BOTTOM OF THE 2ND
Minnesota Loons batting - Pitching for Irving Blue Sox : RHP Gonzalo Montés
Batting: LHB Juan Aranda 0-0: Called Strike
0-1: Ball
1-1: Fly out, F8 (Flyball, 78S)
Batting: RHB Jing-sheng Joo 0-0: Ball
1-0: Called Strike
1-1: Foul Ball, location: 2F
1-2: SINGLE (Line Drive, 5D)
Batting: RHB Jorge Arreola 0-0: Ball
1-0: Called Strike
1-1: Ball
Jing-sheng Joo steals 2nd base
2-1: Swinging Strike
2-2: Foul Ball, location: 2F
2-2: SINGLE (Groundball, 56D)
Jing-sheng Joo to third
Runner from 3rd tries for Home, SAFE, no throw
Batting: RHB Isuru Tanaka 0-0: Foul Ball, location: 2F
0-1: Swinging Strike
0-2: Ball
1-2: Ball
2-2: SINGLE (Line Drive, 56)
Jorge Arreola to second
Batting: RHB Juan Martínez 0-0: Swinging Strike
0-1: Foul Ball, location: 2F
0-2: Ball
1-2: Ball
2-2: Ball
3-2: Base on Balls
Jorge Arreola to third
Isuru Tanaka to second
Batting: RHB Randolph Descoteaux 0-0: Swinging Strike
0-1: Swinging Strike
0-2: Ball
1-2: Strikes out swinging
Batting: LHB Alfredo Arévalo 0-0: Ball
1-0: Fly out, F8 (Flyball, 89M)
Bottom of the 2nd over - 1 run(s), 3 hit(s), 0 error(s), 3 left on base; Irving 2 - Minnesota 1
TOP OF THE 3RD
Irving Blue Sox batting - Pitching for Minnesota Loons : RHP Ricardo Landrón
Batting: RHB Eisse Cals 0-0: Called Strike
0-1: SINGLE (Groundball, 4MD)
Batting: LHB José Zarate 0-0: Ball
1-0: Ground out 6-3 (Groundball, 6S)
Eisse Cals to second
Batting: RHB António Canales 0-0: Called Strike
0-1: DOUBLE (Flyball, 9)
Eisse Cals scores
Batting: RHB Wessel Wemerman 0-0: Called Strike
0-1: Foul Ball, location: 2F
0-2: Foul Ball, location: 2F
0-2: Strikes out swinging
Batting: LHB Ricardo Ríos 0-0: Called Strike
0-1: Foul Ball, location: 2F
0-2: SINGLE (Groundball, 34D)
António Canales to third
Runner from 3rd tries for Home, SAFE, no throw
Batting: LHB Jim Unknown 0-0: Called Strike
Ricardo Ríos steals 2nd base
0-1: Ground out 4-3 (Groundball, 4)
Top of the 3rd over - 2 run(s), 3 hit(s), 0 error(s), 1 left on base; Irving 4 - Minnesota 1
BOTTOM OF THE 3RD
Minnesota Loons batting - Pitching for Irving Blue Sox : RHP Gonzalo Montés
Batting: SHB Lowell Moon 0-0: Bunted foul
0-1: Ball
1-1: Foul Ball, location: 2F
1-2: Strikes out swinging
Batting: RHB Bass Reeves 0-0: Called Strike
0-1: Called Strike
0-2: Ball
1-2: Strikes out looking
Batting: LHB Juan Aranda 0-0: Fly out, F4 (Popup, 4D)
Bottom of the 3rd over - 0 run(s), 0 hit(s), 0 error(s), 0 left on base; Irving 4 - Minnesota 1
TOP OF THE 4TH
Irving Blue Sox batting - Pitching for Minnesota Loons : RHP Ricardo Landrón
Batting: RHB Theron Hammond 0-0: SINGLE (Line Drive, 56D)
Batting: RHB Phil Sherman 0-0: Ball
1-0: Swinging Strike
1-1: Ball
2-1: Fly out, F8 (Line Drive, 8LD)
Batting: RHB Carlos Ramírez 0-0: Foul Ball, location: 2F
0-1: Ball
1-1: Grounds into double play, 6-4-3 (Groundball, 6M)
Top of the 4th over - 0 run(s), 1 hit(s), 0 error(s), 0 left on base; Irving 4 - Minnesota 1
BOTTOM OF THE 4TH
Minnesota Loons batting - Pitching for Irving Blue Sox : RHP Gonzalo Montés
Batting: RHB Jing-sheng Joo 0-0: Ball
1-0: Ball
2-0: Ball
3-0: Called Strike
3-1: Called Strike
3-2: Foul Ball, location: 2F
3-2: Foul Ball, location: 2F
3-2: Strikes out looking
Batting: RHB Jorge Arreola 0-0: Called Strike
0-1: Ball
1-1: Swinging Strike
1-2: Strikes out swinging
Batting: RHB Isuru Tanaka 0-0: Swinging Strike
0-1: Foul Ball, location: 2F
0-2: Strikes out swinging
Bottom of the 4th over - 0 run(s), 0 hit(s), 0 error(s), 0 left on base; Irving 4 - Minnesota 1
TOP OF THE 5TH
Irving Blue Sox batting - Pitching for Minnesota Loons : RHP Ricardo Landrón
Batting: RHB Eisse Cals 0-0: DOUBLE (Line Drive, 78D)
Batting: LHB José Zarate 0-0: Bunted foul
0-1: Ball
1-1: Sac Bunt - play at first, batter OUT! 2-4
Eisse Cals to third
Batting: RHB António Canales 0-0: Ball
Passed Ball!
Eisse Cals scores
1-0: Ball
2-0: SOLO HOME RUN (Flyball, 78XD), Distance : 413 ft
Pitching: RHP Oriol Razo
Batting: RHB Wessel Wemerman 0-0: Called Strike
0-1: Swinging Strike
0-2: Ball
1-2: Strikes out swinging
Batting: LHB Ricardo Ríos 0-0: Ball
1-0: DOUBLE (Groundball, 3L)
Batting: LHB Jim Unknown 0-0: Ball
1-0: Foul Ball, location: 2F
1-1: Called Strike
1-2: Fly out, F8 (Flyball, 8RM)
Top of the 5th over - 2 run(s), 3 hit(s), 0 error(s), 1 left on base; Irving 6 - Minnesota 1
BOTTOM OF THE 5TH
Minnesota Loons batting - Pitching for Irving Blue Sox : RHP Gonzalo Montés
Batting: RHB Juan Martínez 0-0: Foul Ball, location: 2F
0-1: Ball
1-1: Ball
2-1: Ball
3-1: Fly out, F9 (Flyball, 9)
Batting: RHB Randolph Descoteaux 0-0: Ball
1-0: Called Strike
1-1: Foul Ball, location: 2F
1-2: Ball
2-2: Ball
3-2: Foul Ball, location: 2F
3-2: Ground out 5-3 (Groundball, 5S)
Batting: LHB Alfredo Arévalo 0-0: Ball
1-0: Ball
2-0: Ball
3-0: Base on Balls
Pitching: RHP Alejandro Reyes
Batting: SHB Lowell Moon 0-0: Ball
1-0: Ball
2-0: SINGLE (Groundball, 4MD)
Alfredo Arévalo to second
Runner from 2nd tries for 3rd, SAFE, no throw
Batting: RHB Bass Reeves 0-0: Swinging Strike
0-1: Ball
1-1: Ball
2-1: Ground out 5-3 (Groundball, 56)
Bottom of the 5th over - 0 run(s), 1 hit(s), 0 error(s), 2 left on base; Irving 6 - Minnesota 1
TOP OF THE 6TH
Irving Blue Sox batting - Pitching for Minnesota Loons : RHP Oriol Razo
Batting: RHB Theron Hammond 0-0: Foul Ball, location: 2F
0-1: Called Strike
0-2: Strikes out swinging
Batting: RHB Phil Sherman 0-0: Called Strike
0-1: Ball
1-1: Fly out, F5 (Line Drive, 56)
Batting: RHB Carlos Ramírez 0-0: Called Strike
0-1: Foul Ball, location: 2F
0-2: Ball
1-2: Foul Ball, location: 2F
1-2: Ball
2-2: Foul Ball, location: 2F
2-2: Ground out 5-3 (Groundball, 5S)
Top of the 6th over - 0 run(s), 0 hit(s), 0 error(s), 0 left on base; Irving 6 - Minnesota 1
BOTTOM OF THE 6TH
Minnesota Loons batting - Pitching for Irving Blue Sox : RHP Alejandro Reyes
Batting: LHB Juan Aranda 0-0: Called Strike
0-1: Fly out, F7 (Flyball, 78S)
Batting: RHB Jing-sheng Joo 0-0: Swinging Strike
0-1: Swinging Strike
0-2: Ball
1-2: Foul Ball, location: 2F
1-2: Fly out, F7 (Line Drive, 7)
Batting: RHB Jorge Arreola 0-0: Ball
1-0: Ball
2-0: Ball
3-0: Called Strike
3-1: Base on Balls
Batting: RHB Isuru Tanaka 0-0: Ball
1-0: Ball
2-0: Foul Ball, location: 2F
2-1: Fielders Choice at 2nd, 6-4 (Groundball, 6)
Bottom of the 6th over - 0 run(s), 0 hit(s), 0 error(s), 0 left on base; Irving 6 - Minnesota 1
TOP OF THE 7TH
Irving Blue Sox batting - Pitching for Minnesota Loons : RHP Oriol Razo
Batting: RHB Eisse Cals 0-0: Ball
1-0: Ball
2-0: Foul Ball, location: 2F
2-1: Called Strike
2-2: Strikes out looking
Batting: LHB José Zarate 0-0: Ball
1-0: Foul Ball, location: 2F
1-1: Foul Ball, location: 2F
1-2: Strikes out swinging
Batting: RHB António Canales 0-0: Ball
1-0: Ball
2-0: Swinging Strike
2-1: Ball
3-1: Foul Ball, location: 2F
3-2: Strikes out swinging
Top of the 7th over - 0 run(s), 0 hit(s), 0 error(s), 0 left on base; Irving 6 - Minnesota 1
BOTTOM OF THE 7TH
Minnesota Loons batting - Pitching for Irving Blue Sox : RHP Alejandro Reyes
Batting: RHB Juan Martínez 0-0: Foul Ball, location: 2F
0-1: Ball
1-1: Called Strike
1-2: Foul Ball, location: 2F
1-2: Strikes out swinging
Batting: RHB Randolph Descoteaux 0-0: Ball
1-0: SINGLE (Line Drive, 5D)
Batting: LHB Alfredo Arévalo 0-0: Ball
1-0: Called Strike
1-1: Ball
2-1: Called Strike
2-2: Strikes out swinging
Batting: SHB Lowell Moon 0-0: Ball
1-0: Called Strike
1-1: Ball
2-1: Called Strike
2-2: Foul Ball, location: 2F
2-2: Ball
3-2: Foul Ball, location: 2F
3-2: Base on Balls
Randolph Descoteaux to second
Batting: RHB Bass Reeves 0-0: Called Strike
0-1: Ball
1-1: Fly out, F7 (Flyball, 7S)
Bottom of the 7th over - 0 run(s), 1 hit(s), 0 error(s), 2 left on base; Irving 6 - Minnesota 1
TOP OF THE 8TH
Irving Blue Sox batting - Pitching for Minnesota Loons : RHP Oriol Razo
Batting: RHB Wessel Wemerman 0-0: Fly out, F9 (Flyball, 9)
Batting: LHB Ricardo Ríos 0-0: Called Strike
0-1: Ball
1-1: Foul Ball, location: 2F
1-2: Ball
2-2: Ground out 4-3 (Groundball, 34)
Batting: LHB Jim Unknown 0-0: Foul Ball, location: 2F
0-1: Ball
1-1: Swinging Strike
1-2: Strikes out swinging
Top of the 8th over - 0 run(s), 0 hit(s), 0 error(s), 0 left on base; Irving 6 - Minnesota 1
BOTTOM OF THE 8TH
Minnesota Loons batting - Pitching for Irving Blue Sox : RHP Alejandro Reyes
Batting: LHB Juan Aranda 0-0: Ball
1-0: Ball
2-0: Ball
3-0: Called Strike
3-1: Base on Balls
Batting: RHB Jing-sheng Joo 0-0: Ball
1-0: Called Strike
1-1: Ball
Wild Pitch!
Juan Aranda to second
2-1: Swinging Strike
2-2: Foul Ball, location: 2F
2-2: Foul Ball, location: 2F
2-2: Strikes out swinging
Batting: RHB Jorge Arreola 0-0: Foul Ball, location: 2F
0-1: Ball
1-1: Swinging Strike
1-2: Foul Ball, location: 2F
1-2: SINGLE (Groundball, 6MD)
Juan Aranda to third
Batting: RHB Isuru Tanaka 0-0: Ball
1-0: Ball
2-0: Fly out, F9 (Flyball, 9LM)
Runner from 3rd tags up, SCORES, no throw
Batting: RHB Juan Martínez 0-0: Foul Ball, location: 2F
0-1: Called Strike
0-2: SINGLE (Flyball, 8RS)
Jorge Arreola to second
Pitching: RHP Willie Simmons
Batting: RHB Randolph Descoteaux 0-0: Ball
1-0: Called Strike
1-1: Called Strike
1-2: Foul Ball, location: 2F
1-2: Strikes out swinging
Bottom of the 8th over - 1 run(s), 2 hit(s), 0 error(s), 2 left on base; Irving 6 - Minnesota 2
TOP OF THE 9TH
Irving Blue Sox batting - Pitching for Minnesota Loons : RHP Oriol Razo
Batting: RHB Theron Hammond 0-0: Ball
1-0: Swinging Strike
1-1: Ball
2-1: Foul Ball, location: 2F
2-2: Ball
3-2: Foul Ball, location: 2F
3-2: Strikes out looking
Batting: RHB Phil Sherman 0-0: Ball
1-0: Fly out, F8 (Line Drive, 78M)
Pitching: RHP José Marroquín
Batting: RHB Carlos Ramírez 0-0: Ball
1-0: Foul Ball, location: 2F
1-1: SINGLE (Groundball, 6M) (infield hit)
Batting: RHB Eisse Cals 0-0: Ball
1-0: Ball
2-0: Called Strike
2-1: Fielders Choice at 2nd, 6-4 (Groundball, 6)
Top of the 9th over - 0 run(s), 1 hit(s), 0 error(s), 0 left on base; Irving 6 - Minnesota 2
BOTTOM OF THE 9TH
Minnesota Loons batting - Pitching for Irving Blue Sox : RHP Willie Simmons
Pitching: RHP Jim Unknown
Batting: LHB Alfredo Arévalo 0-0: Ball
1-0: DOUBLE (Groundball, 3L)
Batting: SHB Lowell Moon 0-0: Called Strike
0-1: Fly out, F7 (Flyball, 7LD)
Runner from 2nd tags up, SAFE at 3rd, no throw
Batting: RHB Bass Reeves 0-0: Called Strike
0-1: Swinging Strike
0-2: Strikes out swinging
Batting: LHB Juan Aranda 0-0: Swinging Strike
0-1: Ball
1-1: Called Strike
1-2: Ball
2-2: Strikes out swinging
Bottom of the 9th over - 0 run(s), 1 hit(s), 0 error(s), 1 left on base; Irving 6 - Minnesota 2
Saturday, May 26th, 2018 - OOTP Baseball 17.12 Build 75